 Dungeon Crawl Stone Soup version 0.19.4-12-gccf7e64 (console) character file.

87 Grinner the Shield-Bearer (level 4, 0/44 HPs)
             Began as a Troll Fighter on Feb 28, 2017.
             Slain by a gnoll
             ... wielding a +0 halberd
              (11 damage)
             ... on level 2 of the Dungeon.
             The game lasted 00:02:34 (1332 turns).

Grinner the Shield-Bearer (Troll Fighter)           Turns: 1332, Time: 00:02:35

Health: 0/44       AC:  5    Str: 25    XL:     4   Next: 28%
Magic:  3/3        EV:  8    Int:  4    God:
Gold:   110        SH:  9    Dex:  9    Spells: 0 memorised, 3 levels left

rFire  . . .     SeeInvis .       - Unarmed
rCold  . . .     Gourm    +     a - +0 robe
rNeg   . . .     Faith    .     b - +0 shield
rPois  .         Spirit   .     (helmet restricted)
rElec  .         Reflect  .     (no cloak)
rCorr  .         Harm     .     (gloves unavailable)
MR     .....                    (boots unavailable)
Stlth  +.........               (no amulet)
                                (no ring)
                                q - +2 ring of slaying

@: no status effects
A: unfitting armour, claws 3, fast metabolism 3, gourmand, regeneration 1,
shaggy fur 1, tough skin 2
a: no special abilities


You were on level 2 of the Dungeon.
You were full.

You visited 1 branch of the dungeon, and saw 2 of its levels.

You collected 110 gold pieces.

Inventory:

Armour
 a - a +0 robe (worn)
 b - a +0 shield (worn)
Jewellery
 q - a +2 ring of slaying (left claw)
Scrolls
 i - a scroll of blinking {unknown}
 j - a scroll of identify {unknown}
 k - 3 scrolls of teleportation {unknown}
 m - a scroll of magic mapping {unknown}
 n - a scroll of fog {unknown}
 p - a scroll of recharging {unknown}
 s - 2 scrolls of remove curse {unknown}
 t - a scroll of amnesia {unknown}
Potions
 c - a potion of might
 e - a potion of ambrosia {unknown}
 g - a potion of heal wounds {unknown}
 h - 3 potions of curing {unknown}
 l - a potion of lignification {unknown}
 o - a potion of degeneration {unknown}
 r - a potion of flight {unknown}
Comestibles
 d - 5 bread rations
 f - 2 slices of pizza


   Skills:
 - Level 2.4 Fighting
 - Level 2.4 Dodging
 * Level 3.6 Shields
 + Level 3.1 Unarmed Combat


You had 3 spell levels left.
You didn't know any spells.

Dungeon Overview and Level Annotations

Branches:
Dungeon (2/15)

Altars:


Innate Abilities, Weirdness & Mutations

You are too large for most types of armour.
You have claws for hands.
Your metabolism is lightning-fast.
You like to eat raw meat.
Your natural rate of healing is unusually fast.
You are covered in fur. (AC +1)
You have very tough skin. (AC +2)


Message History

You scratch the gnoll.
The gnoll is heavily wounded.
The gnoll hits you but does no damage. The gnoll misses you.
You claw the gnoll!
You kill the gnoll!
You block the gnoll's attack. The gnoll closely misses you.
The gnoll barely misses you. You block the gnoll's attack.
The gnoll closely misses you.
You see here a club.
You barely miss the gnoll. The gnoll barely misses you.
You claw the gnoll!
You kill the gnoll!
The gnoll hits you with a halberd!
You closely miss the gnoll. You block the gnoll's attack.
You closely miss the gnoll. You block the gnoll's attack.
You barely miss the gnoll. The gnoll hits you with a halberd.
* * * LOW HITPOINT WARNING * * *
You are too injured to fight recklessly!
You closely miss the gnoll. The gnoll hits you with a halberd!
You die...

#########.####.####..............
...............####..............
.#######.........##.........[....
.##..............'..#+######.....
.##.#..........(.####.# ##.###
.##...................#######.###
.....<[.....................#....
########.......)g...........#####
.[.....'.......)@...........#
########...........(........#
...# #....................# ...#
#....................# ...#
#....................# ...#
#####................# ...#
#................# ...#
#######.###...#+#### ...######
#.........#...#....#


You could see a gnoll.

Vanquished Creatures
  2 adders (D:2)
  3 gnolls (D:2)
  A worm (D:2)
  2 leopard geckos
  5 bats
  2 giant cockroaches
  4 goblins
  2 hobgoblins
  5 kobolds
  2 quokkas (D:2)
  2 ball pythons
  A frilled lizard (D:2)
  6 rats
37 creatures vanquished.

Notes
Turn   | Place    | Note
-------+----------+-------------------------------------------
     0 | D:1      | Grinner the Troll Fighter began the quest for the Orb.
     0 | D:1      | Reached XP level 1. HP: 22/22 MP: 0/0
   205 | D:1      | Reached XP level 2. HP: 29/29 MP: 1/1
   675 | D:2      | Reached XP level 3. HP: 33/36 MP: 2/2
  1322 | D:2      | Reached XP level 4. HP: 31/44 MP: 3/3
  1332 | D:2      | Slain by a gnoll

Skill      XL: |  1  2  3 |
---------------+----------+-----
Shields        | 3 |  3.6
Unarmed Combat | 3 |  3.1
Fighting       | |  2.4
Dodging        | |  2.4

Action                   |  1- 3 |  4- 6 || total
-------------------------+-------+-------++-------
Melee: Unarmed           |    96 |     9 ||   105
  Eat: Chunk             |    14 |       ||    14
Armor: Robe              |    21 |     2 ||    23
Dodge: Dodged            |    32 |     6 ||    38
Block: Shield            |    33 |     5 ||    38
